 Dungeon Crawl Stone Soup version 0.28.0 (webtiles) character file.

Game seed: 17555299273019205169

194 RighteousDevil the Chopper (level 5, -1/45 HPs)
             Began as a Hill Orc Fighter on Feb 7, 2022.
             Slain by a gnoll (11 damage)
             ... on level 3 of the Dungeon.
             The game lasted 00:02:08 (2999 turns).

RighteousDevil the Chopper (Hill Orc Fighter)       Turns: 2999, Time: 00:02:08

Health: -1/45      AC:  6    Str: 21    XL:     5   Next: 73%
Magic:  5/5        EV:  9    Int:  8    God:
Gold:   78         SH:  4    Dex: 10    Spells: 4/4 levels left

rFire   . . .      SeeInvis .   a - +0 war axe
rCold   . . .      Faith    .   c - +0 buckler
rNeg    . . .      Spirit   .   b - +0 scale mail
rPois   .          Reflect  .   (no helmet)
rElec   .          Harm     .   (no cloak)
rCorr   .          Rampage  .   (no gloves)
Will    .....                   (no boots)
Stlth   ..........              (no amulet)
HPRegen 0.15/turn               (no ring)
MPRegen 0.09/turn               (no ring)

@: no status effects
A: no striking features
a: no special abilities


You were on level 3 of the Dungeon.
You visited 1 branch of the dungeon, and saw 3 of its levels.

You collected 78 gold pieces.

Inventory:

Hand Weapons
 a - a +0 war axe (weapon)
Armour
 b - a +0 scale mail (worn)
 c - a +0 buckler (worn)
Jewellery
 j - a ring of ice
Scrolls
 f - a scroll of amnesia
 h - a scroll of torment
Potions
 d - a potion of might
 e - a potion of ambrosia
 g - a potion of lignification {unknown}


   Skills:
 - Level 3.6 Fighting
 + Level 7.6 Axes
 - Level 3.2 Armour
 - Level 3.2 Shields


You had 4 spell levels left.
You didn't know any spells.
Your spell library was empty.

Dungeon Overview and Level Annotations

Branches:
Dungeon (3/15)

Altars:


Message History

Found a stone staircase leading down. 2 gnolls come into view.
The gnoll shouts!
A gnoll comes into view. It is wielding a +0 whip.
A gnoll comes into view. It is wielding a +0 spear.
The gnoll moves out of view.
The gnoll throws a throwing net.
The throwing net hits you.
You become entangled in the net!
You see here a throwing net.
You struggle against the net.
You struggle against the net.
You struggle against the net.
The gnoll hits you from afar with a +0 halberd.
You struggle against the net.
The gnoll barely misses you.
You rip the net and break free!
The gnoll hits you from afar with a +0 halberd!
The gnoll barely misses you. x2
You hit the gnoll but do no damage. You block the gnoll's attack.
The gnoll hits you from afar with a +0 halberd.
The gnoll hits you with a +0 flail!
You are too injured to fight recklessly!
You are too injured to fight recklessly!
You are too injured to fight recklessly!
You are too injured to fight recklessly!
You hit the gnoll.
The gnoll is moderately wounded.
The gnoll hits you from afar with a +0 halberd.
You block the gnoll's attack.
You hit the gnoll but do no damage.
The gnoll is moderately wounded.
The gnoll barely misses you. The gnoll hits you with a +0 flail.
You barely miss the gnoll.
The gnoll is moderately wounded.
You block the gnoll's attack. The gnoll closely misses you.
You completely miss the gnoll.
The gnoll is lightly wounded.
The gnoll hits you from afar with a +0 halberd!
* * * LOW HITPOINT WARNING * * *
The gnoll hits you with a +0 flail!
You die...

.>.... #...... ....#
#......# ...
#......#####.##
#......#......#
#......#......#
#......#......#
#......#gg....#
#......@####.##
#.......# #.#
.........# #.#
..............## #.#
................###.#
........##..........#
........##..........#
........##..........#
........########.##.#


You could see 2 gnolls.

Vanquished Creatures
  A hound (D:2)
  A jelly (D:3)
  A gnoll (D:1)
  6 adders (D:2)
  A worm (D:2)
  A dart slug (D:2)
  12 ball pythons
  6 bats
  9 endoplasms
  A giant cockroach (D:2)
  6 goblins
  6 hobgoblins
  3 quokkas
  5 frilled lizards
  5 kobolds
  3 rats
67 creatures vanquished.

Notes
Turn   | Place    | Note
-------+----------+-------------------------------------------
     0 | D:1      | RighteousDevil the Hill Orc Fighter began the quest for the
                  | Orb.
     0 | D:1      | Reached XP level 1. HP: 19/19 MP: 1/1
    21 | D:1      | Reached skill level 3 in Axes
   264 | D:1      | Reached XP level 2. HP: 15/26 MP: 2/2
   440 | D:1      | Reached skill level 4 in Axes
   650 | D:1      | Reached XP level 3. HP: 31/31 MP: 3/3
   854 | D:1      | Reached skill level 5 in Axes
   992 | D:1      | Found a faded altar of an unknown god.
  1427 | D:2      | Reached XP level 4. HP: 39/39 MP: 4/4
  1557 | D:2      | Reached skill level 6 in Axes
  2074 | D:2      | Reached XP level 5. HP: 34/45 MP: 5/5
  2257 | D:2      | Reached skill level 7 in Axes
  2999 | D:3      | Slain by a gnoll

Illustrated notes

Levels and vault maps discovered:
D:1:      minmay_arrival_cross, layout_loops_ring,
          ebering_ecumenical_altar_ruins, serial_park_tiny_pond, chequers_avenue
D:2:      minmay_razor_zed, layout_basic
D:3:      layout_basic

Skill      XL: |  1  2  3  4  5 |
---------------+----------------+-----
Axes           | 3 4 5 6 7 |  7.6
Fighting       | |  3.6
Armour         | |  3.2
Shields        | |  3.2

Action                   |  1- 3 |  4- 6 || total
-------------------------+-------+-------++-------
Melee: War axe           |   105 |   111 ||   216
  Use: Scroll            |       |     5 ||     5
Armor: Scale mail        |    54 |    52 ||   106
Dodge: Dodged            |    49 |    47 ||    96
Block: Buckler           |    35 |    32 ||    67
